 Dungeon Crawl Stone Soup version 0.25-a0-424-g80bd347ae0 (webtiles) character file.

Game seed: 8375771922577907778, levelgen mode: deterministic

3717 sevvi the Cleaver (level 9, 0/83 HPs)
             Began as a Minotaur Berserker on Jan 23, 2020.
             Was an Elder of Trog.
             Succumbed to a killer bee's poison
             ... on level 7 of the Dungeon.
             The game lasted 01:10:57 (7903 turns).

sevvi the Cleaver (Minotaur Berserker)              Turns: 7903, Time: 01:10:58

Health: 0/83       AC: 17    Str: 22    XL:     9   Next: 92%
Magic:  8/8        EV:  9    Int:  4    God:    Trog [****..]
Gold:   231        SH:  0    Dex: 13    Spells: 8/8 levels left

rFire    . . .     SeeInvis .   y - +1 hand axe (flame)
rCold    . . .     Gourm    .   (no shield)
rNeg     . . .     Faith    .   K - +0 chain mail
rPois    .         Spirit   .   (helmet restricted)
rElec    .         Reflect  .   f - +2 cloak {+Inv}
rCorr    .         Harm     .   (no gloves)
MR       .....                  o - +1 pair of boots
Stlth    ..........             (no amulet)
HPRegen  0.23/turn              (no ring)
MPRegen  0.11/turn              (no ring)

@: lethally poisoned (0 -> -5), slowed, very slow
A: retaliatory headbutt, horns 2
a: Berserk, Trog's Hand, Brothers in Arms, Renounce Religion, Evoke Invisibility


You were on level 7 of the Dungeon.
You worshipped Trog.
Trog was greatly pleased with you.
You were not hungry.

You visited 1 branch of the dungeon, and saw 8 of its levels.

You collected 351 gold pieces.
You spent 120 gold pieces at shops.

Inventory:

Hand Weapons
 a - a +0 hand axe
 k - a +2 dagger of electrocution
 y - a +1 hand axe of flaming (weapon)
 A - a +2 dagger of venom
 B - a +0 war axe
 H - a +2 spear
 I - a -3 executioner's axe
 J - the +8 trident "Togoum" {drain, rF- Dex+4}
   (You found it on level 6 of the Dungeon)

   A truly terrible weapon, it drains the life of those it strikes.
   It affects your dexterity (+4).
   It makes you vulnerable to fire.
 L - a +1 falchion of electrocution
Missiles
 d - 12 poisoned darts (quivered)
 l - 8 boomerangs
Armour
 b - a +0 animal skin
 f - a +2 cloak of invisibility (worn)
 g - a +0 leather armour
 n - a +0 cloak
 o - a +1 pair of boots (worn)
 v - a +0 scale mail
 K - a +0 chain mail (worn)
Wands
 z - a wand of random effects (22)
 C - a wand of polymorph (7)
 F - a wand of flame (20)
Scrolls
 e - 3 scrolls of teleportation
 h - 3 scrolls of amnesia {unknown}
 j - 2 scrolls of remove curse
 m - a scroll of fear {unknown}
 r - 2 scrolls of magic mapping {unknown}
 t - 3 scrolls of enchant armour
 u - 3 scrolls of blinking
 G - a scroll of noise {unknown}
Potions
 i - a potion of curing
 p - a potion of lignification
 q - 2 potions of brilliance {unknown}
 s - a potion of flight {unknown}
 w - 3 potions of mutation
 x - 2 potions of haste {unknown}
 D - 5 potions of heal wounds
 E - a potion of degeneration {unknown}
Comestibles
 c - 15 rations
 M - 6 chunks of flesh


   Skills:
 + Level 9.3 Fighting
 * Level 12.3 Axes
 + Level 8.9 Armour
 - Level 2.1 Dodging


You had 8 spell levels left.
You didn't know any spells.
Your spell library contained the following spells:

 Spells                   Type           Power        Failure   Level  Hunger
 Corona                   Hex            #......      98%         1    ##.....
 Slow                     Hex            #.......     99%         2    ###....
 Inner Flame              Hex/Fire       #.......     100%        3    ####...
 Portal Projectile        Hex/Tloc       #.....       100%        3    ####...
 Cause Fear               Hex            #.........   100%        4    #####..
 Leda's Liquefaction      Hex/Erth       #.........   100%        4    #####..


Dungeon Overview and Level Annotations

Branches:
Dungeon (8/15)             Temple (0/1) D:4
   Lair: D:8-11

Altars:
Cheibriados
Fedhas
Yredelemnul

Shops:
D:6 !

Annotations:
D:2 exclusion: oklob plant
D:5 1 runed translucent door, Crazy Yiuf


Innate Abilities, Weirdness & Mutations

You reflexively headbutt those who attack you in melee.
You have a pair of horns on your head.


Message History

* * * LOW HITPOINT WARNING * * *
You are poisoned.
The killer bee poisons you!
There's a creature in the doorway!
You feel sick. The killer bee closely misses you.
The killer bee stings you but does no damage.
The killer bee closely misses you.
There is an escape hatch in the ceiling here.
You feel sick. The killer bee barely misses you. You furiously retaliate!
You headbutt the killer bee! The killer bee barely misses you.
The killer bee stings you.
* * * LOW HITPOINT WARNING * * *
You are lethally poisoned!
The killer bee poisons you! A mysterious force pulls you upwards.
The hatch slams shut behind you.
You recover from your berserk rage.
* * * LOW HITPOINT WARNING * * *
You feel sick.
You are too injured to fight recklessly!
You die...

#.# #.#.'.... #####
#.####.###....
#...#####.........####
#.............)...#
#.................#
#.................#
#.................#
###.........#######
#..@......#
#..y......# #
#.........# #
#.........# #
#.........# #
#.........# #
########### #


You could see a killer bee.

Vanquished Creatures
  Erica (D:8)
  A water moccasin (D:7)
  An orc warrior (D:7)
  A sky beast (D:6)
  A phantom (D:6)
  3 ogres
  3 centaurs
  4 bullfrogs
  5 scorpions
  A water moccasin skeleton (D:4)
  10 killer bees (D:8)
  A howler monkey (D:7)
  5 wights (D:5)
  5 crimson imps
  3 orc wizards
  2 orc priests
  A bullfrog skeleton (D:5)
  5 hounds
  Terence (D:3)
  6 worker ants
  A worker ant zombie (D:8)
  Robin (D:3)
  8 gnolls
  8 adders
  A shadow imp (D:7)
  An ooze (D:7)
  4 worms
  3 dart slugs
  4 leopard geckos
  15 orcs
  A ball python (D:7)
  11 bats
  4 giant cockroaches
  10 goblins
  10 hobgoblins
  3 jackals (D:3)
  A quokka (D:3)
  A frilled lizard (D:1)
  5 kobolds
  A leopard gecko zombie (D:5)
  6 rats
  A spectral orc (D:2)
  2 fungi (D:5)
162 creatures vanquished.

Vanquished Creatures (others)
  2 fungi (D:5)
  19 toadstools (D:2)
21 creatures vanquished.

Grand Total: 183 creatures vanquished

Notes
Turn   | Place    | Note
-------+----------+-------------------------------------------
     0 | D:1      | sevvi the Minotaur Berserker began the quest for the Orb.
     0 | D:1      | Reached XP level 1. HP: 19/19 MP: 0/0
   260 | D:1      | Reached skill level 4 in Axes
   296 | D:1      | Reached XP level 2. HP: 27/27 MP: 1/1
   847 | D:2      | Reached XP level 3. HP: 33/33 MP: 2/2
  1511 | D:2      | Found a basalt altar of Yredelemnul.
  1711 | D:2      | Found a blossoming altar of Fedhas.
  1731 | D:2      | Noticed an oklob plant
  1911 | D:3      | Reached skill level 5 in Axes
  1911 | D:3      | Reached XP level 4. HP: 33/40 MP: 3/3
  2209 | D:3      | Reached ** piety under Trog
  2428 | D:3      | Noticed Terence
  2441 | D:3      | Killed Terence
  2537 | D:3      | Reached XP level 5. HP: 43/47 MP: 4/4
  2818 | D:3      | Found a snail-covered altar of Cheibriados.
  3067 | D:4      | Noticed Robin
  3083 | D:3      | Killed Robin
  3353 | D:4      | Reached skill level 6 in Axes
  3474 | D:4      | Reached skill level 5 in Fighting
  3533 | D:4      | Found a staircase to the Ecumenical Temple.
  3549 | D:4      | Reached XP level 6. HP: 47/56 MP: 5/5
  3886 | D:4      | Reached skill level 7 in Axes
  4006 | D:4      | Reached skill level 5 in Armour
  4006 | D:4      | Reached XP level 7. HP: 56/62 MP: 6/6
  4055 | D:5      | Entered Level 5 of the Dungeon
  4414 | D:5      | Reached *** piety under Trog
  4596 | D:5      | Reached skill level 8 in Axes
  4803 | D:5      | Found a runed translucent door.
  4804 | D:5      | Noticed Crazy Yiuf
  4924 | D:5      | Reached XP level 8. HP: 49/71 MP: 7/7
  4953 | D:5      | Reached skill level 9 in Axes
  5538 | D:6      | Found Kabum's Distillery.
  5555 | D:6      | Bought a potion of heal wounds for 60 gold pieces
  5555 | D:6      | Bought a potion of heal wounds for 60 gold pieces
  5592 | D:6      | Reached skill level 10 in Axes
  5696 | D:6      | Got a translucent trident
  6856 | D:7      | Identified the +8 trident "Togoum" {drain, rF- Dex+4} (You
                  | found it on level 6 of the Dungeon)
  6896 | D:7      | Reached XP level 9. HP: 81/81 MP: 8/8
  7167 | D:7      | Reached **** piety under Trog
  7474 | D:7      | Reached skill level 11 in Axes
  7821 | D:8      | Noticed Erica
  7867 | D:8      | Killed Erica
  7867 | D:8      | Reached skill level 12 in Axes
  7900 | D:8      | HP: 4/83 [poisoned by a killer bee]
  7902 | D:7      | HP: 1/83 [poisoned by a killer bee]
  7903 | D:7      | Succumbed to a killer bee's poison

Levels and vault maps discovered:
D:1:      minmay_arrival_up_and_down, layout_loops_ring
D:2:      layout_basic, yredelemnul_forgotten_temple_becter,
          minmay_misc_feat_tiny, tgw_fedhas
D:3:      layout_loops_corners, cheibriados_altar_1, uniq_terence
D:4:      layout_loops_ring, minmay_temple_entry_proselytizer, uniq_robin
D:5:      old_forge, layout_cave_pools, first_ration, uniq_crazy_yiuf_cottage
D:6:      layout_layer_cave, serial_shops, nicolae_shop_crystal,
          chequers_serial_rivers_micro_a
D:7:      layout_basic
D:8:      layout_basic, david_nohive_1, uniq_erica

Skill      XL: |  1  2  3  4  5  6  7  8  9 |
---------------+----------------------------+-----
Axes           | 4 5 6 7 8 10 12 | 12.3
Fighting       | 4 5 6 8 9 |  9.3
Armour         | 3 4 5 7 8 |  8.9
Dodging        | |  2.1

Action                   |  1- 3 |  4- 6 |  7- 9 || total
-------------------------+-------+-------+-------++-------
Melee: Hand axe          |    70 |   126 |   268 ||   464
       Headbutt          |    11 |    17 |    43 ||    71
Throw: Dart              |     5 |       |       ||     5
Invok: Berserk           |       |     3 |     3 ||     6
  Use: Scroll            |       |     6 |     4 ||    10
       Potion            |       |     1 |     3 ||     4
 Stab: Held in net/web   |       |       |     1 ||     1
  Eat: Chunk             |     3 |     6 |     9 ||    18
       Ration            |       |     1 |     2 ||     3
Armor: Leather armour    |     8 |     4 |       ||    12
       Animal skin       |     1 |       |       ||     1
       Scale mail        |       |    42 |    87 ||   129
       Skin              |       |       |   161 ||   161
       Chain mail        |       |       |    15 ||    15
Dodge: Dodged            |    42 |    34 |   116 ||   192

Table legend:
 A = Non-vault XP
 B = Vault XP
 C = Vault XP percentage of total XP
 D = Non-vault monster count
 E = Vault monster count
 F = Vault count percentage of total count
                 A         B        C        D         E       F
            +---------+---------+-------+---------+---------+-------
      Total |    3311 |    1999 |  37.6 |     122 |      38 |  23.8
            +---------+---------+-------+---------+---------+-------
        D:1 |      24 |       0 |   0.0 |      13 |       0 |   0.0
        D:2 |      61 |       1 |   1.6 |      15 |       1 |   6.2
        D:3 |      84 |      56 |  40.0 |      20 |       5 |  20.0
        D:4 |     470 |      54 |  10.3 |      12 |       8 |  40.0
        D:5 |     704 |     329 |  31.8 |      21 |      13 |  38.2
        D:6 |     866 |       0 |   0.0 |      16 |       0 |   0.0
        D:7 |     890 |       0 |   0.0 |      21 |       0 |   0.0
        D:8 |     212 |    1559 |  88.0 |       4 |      11 |  73.3
            +---------+---------+-------+---------+---------+-------
